 Dungeon Crawl Stone Soup version 0.26.1-11-gd32895ea62 (webtiles) character file.

Game seed: 17674148407472142478

6532 Ekaitz the Geomancer (level 10, 0/58 HPs)
             Began as a Deep Elf Earth Elementalist on June 14, 2021.
             Was a Believer of Sif Muna.
             Slain by an eight-headed hydra (15 damage)
             ... on level 1 of the Lair of Beasts.
             The game lasted 00:43:06 (13180 turns).

Ekaitz the Geomancer (Deep Elf Earth Elementalist) Turns: 13180, Time: 00:43:06

Health: 0/58       AC:  7    Str: 12    XL:     10   Next: 69%
Magic:  17/23      EV: 16    Int: 21    God:    Sif Muna [**....]
Gold:   581        SH:  0    Dex: 19    Spells: 3/24 levels left

rFire    . . .     SeeInvis +   y - +3 dagger of Quish {venom, Str+4}
rCold    . . .     Faith    .   (no shield)
rNeg     . . .     Spirit   .   u - +0 troll leather armour {Purgy}
rPois    +         Reflect  .   M - +0 helmet
rElec    +         Harm     .   f - +0 cloak
rCorr    .         Rampage  .   (no gloves)
Will     ++...                  L - +0 pair of boots
Stlth    ++++......             (no amulet)
HPRegen  0.59/turn              a - ring of wizardry
MPRegen  0.18/turn              P - ring of Deofus {rElec rPois Will+ Dex+4 SInv}

@: no status effects
A: no striking features
a: Renounce Religion, Channel Magic


You were on level 1 of the Lair of Beasts.
You worshipped Sif Muna.
Sif Muna was pleased with you.
You visited 3 branches of the dungeon, and saw 12 of its levels.
You also visited: Sewer.

You collected 581 gold pieces.

Inventory:

Hand Weapons
 p - a +2 short sword of draining
 y - the +3 dagger of Quish (weapon) {venom, Str+4}
   (You found it on level 4 of the Dungeon)

   It poisons the flesh of those it strikes.
   It affects your strength (+4).
 F - a +0 great sword of flaming
 J - a +2 dagger of freezing
 Q - a +0 rapier of venom
 V - a +7 glaive
 Z - a +2 falchion of freezing
Missiles
 b - 339 stones
 k - 53 sling bullets
 q - 33 poisoned darts
Armour
 f - a +0 cloak (worn)
 u - a +0 troll leather armour (worn) {Purgy}
 E - the +1 robe "Gerch" {Dex+4}
   (You found it on level 7 of the Dungeon)

   It affects your dexterity (+4).
 L - a +0 pair of boots (worn)
 M - a +0 helmet (worn)
 X - +2 steam dragon scales
Jewellery
 a - a ring of wizardry (left hand)
 P - the ring of Deofus (right hand) {rElec rPois Will+ Dex+4 SInv}
   (You found it on level 9 of the Dungeon)

   [ring of see invisible]

   It affects your dexterity (+4).
   It insulates you from electricity.
   It protects you from poison.
   It affects your willpower, your defense against some magical effects.
   It lets you see invisible.
Wands
 c - a wand of iceblast (7)
 i - a wand of digging (6)
 v - a wand of acid (2)
 H - a wand of flame (15)
Scrolls
 d - a scroll of teleportation
 g - 4 scrolls of remove curse
 l - 4 scrolls of identify
 m - 3 scrolls of amnesia
 s - a scroll of noise {unknown}
 w - 4 scrolls of magic mapping
 A - a scroll of fear {unknown}
 B - a scroll of enchant armour {unknown}
 C - a scroll of immolation {unknown}
 I - a scroll of fog {unknown}
 N - 3 scrolls of blinking {unknown}
 O - 3 scrolls of enchant weapon {unknown}
 U - a scroll of vulnerability {unknown}
Potions
 e - a potion of might
 h - a potion of ambrosia
 j - 2 potions of brilliance
 n - 3 potions of haste
 o - 2 potions of berserk rage
 r - 2 potions of flight
 t - 4 potions of attraction
 x - 6 potions of curing
 D - a potion of heal wounds
 S - a potion of magic


   Skills:
 * Level 4.6 Fighting
 + Level 3.8 Short Blades
 * Level 2.8 Armour
 + Level 6.4 Dodging
 + Level 7.1 Stealth
 + Level 7.6 Spellcasting
 + Level 5.5 Conjurations
 + Level 3.0 Summonings
 * Level 1.7 Translocations
 + Level 3.1 Transmutations
 * Level 9.0 Earth Magic
 * Level 4.1 Invocations


You had 3 spell levels left.
You knew the following spells:

 Your Spells              Type           Power        Failure   Level
a - Sandblast             Erth           92%          1%          1
b - Passwall              Tmut/Erth      27%          1%          2
c - Stone Arrow           Conj/Erth      76%          1%          3
d - Petrify               Tmut/Erth      33%          3%          4
e - Lee's Rapid Deconstr  Erth           23%          2%          5
f - Iskenderun's Mystic   Conj/Tloc      23%          9%          4
i - Call Imp              Summ           20%          1%          2

Your spell library contained the following spells:

 Spells                   Type           Power        Failure   Level
 Magic Dart               Conj           100%         1%          1
 Summon Small Mammal      Summ           80%          1%          1
 Searing Ray              Conj           62%          1%          2
 Call Canine Familiar     Summ           20%          3%          3
 Dazzling Flash           Conj/Hex       38%          4%          3
 Ensorcelled Hibernation  Hex/Ice        16%          6%          2
 Gell's Gravitas          Tloc           7%           6%          3
 Summon Guardian Golem    Hex/Summ       14%          7%          3
 Confusing Touch          Hex            8%           13%         3
 Frozen Ramparts          Ice            16%          13%         3
 Fulminant Prism          Conj/Hex       9%           13%         4
 Hailstorm                Conj/Ice       19%          13%         4
 Ice Form                 Ice/Tmut       14%          21%         4
 Summon Ice Beast         Ice/Summ       14%          22%         4
 Summon Lightning Spire   Summ/Air       14%          22%         4
 Yara's Violent Unravell  Hex/Tmut       7%           50%         5
 Metabolic Englaciation   Hex/Ice        4%           71%         5


Dungeon Overview and Level Annotations

Branches:
Dungeon (10/15)            Temple (1/1) D:7            Lair (1/6) D:10
    Orc (0/2) D:9           Sewer (visited)

Altars:
Ashenzari
Cheibriados
Dithmenos
Elyvilon
Fedhas
Gozag
Hepliaklqana
Kikubaaqudgha
Makhleb
Nemelex Xobeh
Okawaru
Qazlal
Ru
Sif Muna
Trog
Uskayaw
Vehumet
Wu Jian
Xom
Yredelemnul
Zin
The Shining One

Annotations:
D:5 angel v pservitor


Message History

Press: ? - help, Shift-Dir - straight line, f - eight-headed hydra
Aim: an eight-headed hydra (heavily wounded, 9% to evade)
The stone arrow hits the eight-headed hydra!
The eight-headed hydra is severely wounded.
The eight-headed hydra barely misses you.
The eight-headed hydra bites you but does no damage.
The eight-headed hydra bites you. The eight-headed hydra bites you!
* * * LOW HITPOINT WARNING * * *
The eight-headed hydra bites you but does no damage. x3
The eight-headed hydra bites you!
* * * LOW HITPOINT WARNING * * *
Casting: Stone Arrow (safe; 1% risk of failure)
Confirm with . or Enter, or press ? or * to list all spells.
Okay, then.
You feel much better. The eight-headed hydra bites you!
* * * LOW HITPOINT WARNING * * *
The eight-headed hydra misses you.
The eight-headed hydra completely misses you.
The eight-headed hydra bites you!
You die...

### ###..### ###
##......###..#
#....#......#
#..#.#.#.#.# ###
#.........# ##P#
##D#.#.#.# ###...
#..@.....## ###.....
##.#.#.#..###.......
#.....>...##........
#.#.#.#.##.†#........
.....#######..........
...### ##......... ..#
##........ ..
#.#....... ###..#....


You could see an eight-headed hydra.

Vanquished Creatures
  Urug (D:10)
  Pikel (D:7)
  A centaur skeleton (D:10)
  A komodo dragon (Lair:1)
  Maggie (D:10)
  Prince Ribbit (D:9)
  A wyvern (D:10)
  2 wargs (D:10)
  3 sky beasts (D:6)
  A black bear (D:10)
  Purgy (Sewer)
  9 orc warriors
  A phantom (D:4)
  2 ogres
  2 big kobolds
  7 bullfrogs
  3 scorpions
  10 killer bees (D:10)
  2 howler monkeys
  4 hounds
  A centaur zombie (D:6)
  7 orc priests
  A jelly (D:10)
  10 orc wizards
  A bullfrog skeleton (D:10)
  2 iguanas
  2 worker ants (D:4)
  A killer bee zombie (D:7)
  A hound zombie (D:7)
  A hound skeleton (D:7)
  A worker ant zombie (D:5)
  8 gnolls
  2 howler monkey skeletons
  13 adders
  A shadow imp (D:7)
  2 white imps
  3 ufetubi
  An ooze (D:6)
  An adder zombie (D:5)
  2 adder skeletons
  2 worms
  3 dart slugs
  2 leopard geckos
  54 orcs
  2 ball pythons
  7 giant cockroaches
  4 goblins
  4 hobgoblins
  8 jackals (D:1)
  24 kobolds
  A quokka (D:2)
  9 bats
  5 frilled lizards
  A leopard gecko skeleton (D:8)
  7 rats
248 creatures vanquished.

Vanquished Creatures (others)
  4 plants
4 creatures vanquished.

Grand Total: 252 creatures vanquished

Notes
Turn   | Place    | Note
-------+----------+-------------------------------------------
     0 | D:1      | Ekaitz the Deep Elf Earth Elementalist began the quest for
                  | the Orb.
     0 | D:1      | Reached XP level 1. HP: 10/10 MP: 6/6
   367 | D:1      | Reached XP level 2. HP: 11/15 MP: 4/8
   374 | D:1      | Learned a level 2 spell: Passwall
  1120 | D:1      | Reached XP level 3. HP: 20/20 MP: 9/9
  1126 | D:1      | Learned a level 3 spell: Stone Arrow
  1483 | D:2      | Reached skill level 4 in Earth Magic
  1815 | D:2      | Reached XP level 4. HP: 18/24 MP: 6/11
  1820 | D:2      | Learned a level 4 spell: Petrify
  2233 | D:2      | Reached skill level 1 in Fighting
  2446 | D:2      | Found a snail-covered altar of Cheibriados.
  2608 | D:2      | Reached skill level 1 in Conjurations
  2758 | D:3      | Reached XP level 5. HP: 29/29 MP: 8/12
  3311 | D:3      | You fall into a shaft and drop 1 floor!
  3404 | D:4      | Found a bloodstained altar of Trog.
  3404 | D:4      | Found an iron altar of Okawaru.
  3481 | D:4      | Found a glowing drain.
  3562 | Sewer    | Entered a sewer
  3644 | Sewer    | Noticed Purgy
  3660 | Sewer    | Killed Purgy
  3661 | Sewer    | Reached XP level 6. HP: 34/34 MP: 6/14
  3862 | D:4      | Reached skill level 1 in Short Blades
  3873 | D:4      | Found an opulent altar of Gozag.
  4198 | D:4      | Reached skill level 5 in Earth Magic
  4355 | D:4      | Reached XP level 7. HP: 39/39 MP: 8/15
  4453 | D:4      | Got a shimmering dagger
  4454 | D:4      | Identified the +3 dagger of Quish {venom, Str+4} (You found
                  | it on level 4 of the Dungeon)
  4548 | D:4      | HP: 1/39 [poisoned by an adder]
  4977 | D:4      | Found a sacrificial altar of Ru.
  5428 | D:3      | Found a stormy altar of Qazlal.
  5670 | D:5      | Entered Level 5 of the Dungeon
  5693 | D:5      | Reached skill level 5 in Stealth
  5713 | D:5      | Learned a level 5 spell: Lee's Rapid Deconstruction
  5914 | D:5      | Got a jewelled ring mail
  5917 | D:5      | Identified the cursed +1 ring mail of Hasyori {rC+ Will-
                  | Dex+4} (You found it on level 5 of the Dungeon)
  6605 | D:5      | Found a glowing golden altar of the Shining One.
  6608 | D:5      | Noticed an angel
  6618 | D:5      | Found a basalt altar of Yredelemnul.
  6620 | D:5      | Noticed a profane servitor
  6845 | D:6      | Reached skill level 5 in Spellcasting
  6845 | D:6      | Reached XP level 8. HP: 45/45 MP: 13/17
  6934 | D:6      | Reached skill level 6 in Earth Magic
  7223 | D:6      | Reached skill level 5 in Dodging
  8279 | D:7      | Got a dull robe
  8280 | D:7      | Identified the +1 robe "Gerch" {Dex+4} (You found it on
                  | level 7 of the Dungeon)
  8353 | D:7      | Found a staircase to the Ecumenical Temple.
  8362 | Temple   | Entered the Ecumenical Temple
  8463 | Temple   | Became a worshipper of Sif Muna the Loreminder
  8689 | D:7      | Noticed Pikel
  8699 | D:7      | Killed Pikel
  8844 | D:7      | Reached XP level 9. HP: 51/51 MP: 8/20
  9061 | D:7      | Found a hazy altar of Hepliaklqana.
  9062 | D:7      | Found a shimmering altar of Xom.
  9063 | D:7      | Noticed a spectral ugly thing
  9432 | D:7      | Learned a level 2 spell: Call Imp
  9723 | D:8      | Found a shadowy altar of Dithmenos.
  9867 | D:8      | Reached skill level 1 in Summonings
 10030 | D:8      | Reached * piety under Sif Muna
 10058 | D:8      | Reached skill level 7 in Earth Magic
 10674 | D:9      | Noticed Prince Ribbit
 10688 | D:9      | Killed Prince Ribbit
 10689 | D:9      | Reached skill level 1 in Armour
 10689 | D:9      | Reached skill level 1 in Invocations
 10690 | D:9      | Reached skill level 5 in Conjurations
 10749 | D:9      | Found a sparkling altar of Nemelex Xobeh.
 10783 | D:9      | Got a scintillating wooden ring
 10784 | D:9      | Identified the ring of Deofus {rElec rPois Will+ Dex+4
                  | SInv} (You found it on level 9 of the Dungeon)
 10801 | D:9      | Found a shadowy altar of Dithmenos.
 10819 | D:9      | HP: 1/52 [orc priest/divine providence (14)]
 11009 | D:9      | Identified the Tome of the Frostbite
 11251 | D:9      | Reached ** piety under Sif Muna
 11512 | D:9      | Found a staircase to the Orcish Mines.
 11654 | D:10     | Entered Level 10 of the Dungeon
 11763 | D:10     | Noticed Urug
 11833 | D:10     | Killed Urug
 11834 | D:10     | Reached skill level 8 in Earth Magic
 11834 | D:10     | Reached XP level 10. HP: 5/57 MP: 8/22
 12088 | D:10     | Learned a level 4 spell: Iskenderun's Mystic Blast
 12245 | D:10     | Identified the +0 ring mail "Boget" {Str-2 Slay+5}
 12265 | D:10     | Reached skill level 1 in Translocations
 12282 | D:10     | Noticed Maggie
 12310 | D:10     | Killed Maggie
 12504 | D:10     | Found a staircase to the Lair.
 12861 | Lair:1   | Entered Level 1 of the Lair of Beasts
 12978 | Lair:1   | Reached skill level 9 in Earth Magic
 13110 | Lair:1   | Noticed an eight-headed hydra
 13180 | Lair:1   | Slain by an eight-headed hydra

Illustrated notes

Levels and vault maps discovered:
D:1:      saegor_arrival_simple_e, layout_basic
D:2:      layout_loops_ring, general_overflow_altar
D:3:      layout_basic, nicolae_qazlal_eye_of_the_storm, serial_glass,
          glass_columns_a, glass_columns_a, minmay_strange_pillars,
          kennysheep_crisscross, moated_statue, hangedman_feature_mirror
D:4:      layout_loops_ring, grunt_temple_overflow_bloody_war,
          nicolae_gozag_seed_capital, nicolae_ru_the_path_less_chosen,
          portal_sewer_entry_d
D:5:      layout_rooms, grunt_temple_overflow_holy_war, bh_walls_and_bars
D:6:      layout_loops_ring
D:7:      layout_gridville, regret_index_temple_of_mockery,
          minmay_temple_entry_mist, eino_curves_01, uniq_pikel
D:8:      layout_gridville, lemuel_crystal_altar, centaur_isle
D:9:      layout_basic, nicolae_overflow_crystal_walls, david_orc_4,
          nicolae_dithmenos_shadow_blocks, uniq_prince_ribbit1
D:10:     layout_loops_ring, erik_lair_orcish_takeover,
          chequers_serial_rivers_large_b, uniq_maggie, uniq_urug
Temple:   compressed_dpeg_circular_temple
Lair:1:   layout_cave_pods, st_stairs_8, chequers_serial_rivers_room_a,
          kennysheep_snail_temple

Skill      XL: |  1  2  3  4  5  6  7  8  9 10 |
---------------+-------------------------------+-----
Dodging        | 3 4 5 6 |  6.4
Earth Magic    | 4 5 6 8 9 |  9.0
Stealth        | 3 4 5 6 7 |  7.1
Fighting       | 1 2 3 4 |  4.6
Conjurations   | 1 2 3 4 5 |  5.5
Spellcasting   | 4 5 6 7 |  7.6
Short Blades   | 1 2 3 |  3.8
Transmutations | 2 3 |  3.1
Summonings     | 3 |  3.0
Armour         | 2 |  2.8
Invocations    | 2 4 |  4.1
Translocations | 1 |  1.7

Action                   |  1- 3 |  4- 6 |  7- 9 | 10-12 || total
-------------------------+-------+-------+-------+-------++-------
Melee: Dagger            |    67 |    28 |   254 |   106 ||   455
       Short sword       |       |    71 |       |       ||    71
 Cast: Sandblast         |    22 |     7 |    12 |     9 ||    50
       Passwall          |     8 |    17 |    20 |     7 ||    52
       Stone Arrow       |     4 |    25 |    93 |    21 ||   143
       Petrify           |       |     3 |     8 |     2 ||    13
       Lee's Rapid Decon |       |       |     1 |       ||     1
  Use: Scroll            |       |       |     8 |     9 ||    17
       Potion            |       |       |     3 |     1 ||     4
 Stab: Sleeping          |     8 |    14 |    18 |     4 ||    44
       Petrified         |       |    12 |    10 |       ||    22
       Petrifying        |       |       |     2 |       ||     2
       Distracted        |       |       |     1 |       ||     1
Armor: Robe              |    21 |    20 |    18 |       ||    59
       Troll leather arm |       |       |    24 |    22 ||    46
Dodge: Dodged            |    56 |    61 |   155 |    65 ||   337
